 Dungeon Crawl Stone Soup version 0.28-a0-662-g1651b1f1e0 (webtiles) character file.

Game seed: 6094833688928185513

48797 lawman0 the Covert (level 14, -3/151 HPs)
             Began as a Gnoll Delver on Oct 14, 2021.
             Was the Champion of Hepliaklqana.
             Killed from afar by a molten gargoyle (11 damage)
             ... with a bolt of magma
             ... on level 6 of the Lair of Beasts.
             The game lasted 00:46:51 (19510 turns).

lawman0 the Covert (Gnoll Delver)                  Turns: 19510, Time: 00:46:52

Health: -3/151     AC: 31    Str: 12    XL:     14   Next: 47%
Magic:  9/27       EV:  2    Int: 13    God:    Hepliaklqana [******]
Gold:   224        SH:  0    Dex: 15    Spells: 14/31 levels left

rFire   + . .      SeeInvis .   a - +4 scimitar (flame)
rCold   + + .      Faith    .   (no shield)
rNeg    . . .      Spirit   .   (armour currently unavailable)
rPois   +          Reflect  .   (helmet currently unavailable)
rElec   +          Harm     .   (cloak currently unavailable)
rCorr   +          Rampage  .   (gloves currently unavailable)
Will    +....      NoTele   +   (boots currently unavailable)
Stlth   +++++.....              O - amulet of regeneration
HPRegen 1.35/turn               h - +4 ring of protection
MPRegen 0.20/turn               p - ring of protection from cold

@: mighty, tree-form (expiring), resistant, studying Summonings
A: stationary, stasis, torment immunity, boosted hp, reduced essence, (fangs 1),
strong nose, distributed training
a: Renounce Religion, Recall Ancestor, Ancestor Identity, Transference, Idealise


You were on level 6 of the Lair of Beasts.
You worshipped Hepliaklqana.
Hepliaklqana was exalted by your worship.
You were a tree.
You visited 3 branches of the dungeon, and saw 18 of its levels.
You also visited: Ice Cave.

You collected 1249 gold pieces.
You spent 1025 gold pieces at shops.

Inventory:

Hand Weapons
 a - a +4 scimitar of flaming (weapon)
 b - a +2 hunting sling of freezing
Missiles
 j - 99 sling bullets
 k - 43 poisoned darts
 l - 7 boomerangs (quivered)
 z - 3 javelins
 E - 9 throwing nets
Armour
 q - a +2 pair of gloves of dexterity (melded)
 v - a +0 pair of boots (melded)
 G - a +2 leather armour of fire resistance (melded)
 J - a +2 hat (melded)
 T - a +0 cloak (melded)
Jewellery
 h - a +4 ring of protection (left branch)
 m - a +4 ring of protection
 p - a ring of protection from cold (right branch)
 t - a ring of wizardry
 N - a ring of flight
 O - an amulet of regeneration (around neck)
Wands
 g - a wand of digging (9)
 F - a wand of polymorph (11)
 Q - a wand of flame (51)
 W - a wand of iceblast (3)
Scrolls
 c - 3 scrolls of fog
 d - a scroll of magic mapping
 e - 3 scrolls of fear
 n - 3 scrolls of teleportation
 r - a scroll of summoning
 s - 2 scrolls of immolation
 w - 5 scrolls of blinking
 y - a scroll of enchant armour
 A - a scroll of enchant weapon
 M - 6 scrolls of identify
Potions
 f - 5 potions of haste
 i - a potion of lignification
 o - a potion of cancellation
 u - 2 potions of attraction
 B - a potion of ambrosia
 C - a potion of magic
 H - 3 potions of brilliance
 I - 3 potions of mutation
 L - 7 potions of curing
 P - 2 potions of flight
 S - a potion of heal wounds
Miscellaneous
 K - a piece from Xom's chessboard (15/15)
 V - a lightning rod (1/4)


   Skills:
 + Level 11.3 Fighting
 + Level 9.2 Short Blades
 + Level 10.3 Long Blades
 + Level 9.2 Axes
 + Level 9.2 Maces & Flails
 + Level 9.2 Polearms
 + Level 9.2 Staves
 + Level 9.2 Slings
 + Level 9.2 Bows
 + Level 9.2 Crossbows
 + Level 9.2 Throwing
 + Level 9.2 Armour
 + Level 10.3 Dodging
 + Level 13.1 Stealth
 + Level 9.2 Shields
 + Level 9.2 Unarmed Combat
 + Level 9.2 Spellcasting
 + Level 7.7 Conjurations
 + Level 7.7 Hexes
 + Level 10.9 Summonings
 + Level 7.7 Necromancy
 + Level 7.7 Translocations
 + Level 7.7 Transmutations
 + Level 7.7 Fire Magic
 + Level 7.7 Ice Magic
 + Level 7.7 Air Magic
 + Level 7.7 Earth Magic
 + Level 7.7 Poison Magic
 + Level 10.1 Invocations
 + Level 9.2 Evocations


You had 14 spell levels left.
You knew the following spells:

 Your Spells              Type           Power      Damage    Failure   Level
a - Olgreb's Toxic Radia  Pois           26%        N/A       4%          4
b - Agony                 Necr           26%        N/A       14%         5
c - Frozen Ramparts       Ice            52%        1d7       1%          3
d - Blink                 Tloc           N/A        N/A       1%          2
e - Mephitic Cloud        Conj/Pois/Air  26%        N/A       1%          3

Your spell library contained the following spells:

 Spells                   Type           Power      Damage    Failure   Level
 Freeze                   Ice            100%       1d11      1%          1
 Magic Dart               Conj           100%       1d8       1%          1
 Pain                     Necr           100%       1d9       1%          1
 Sting                    Tmut/Pois      100%       1d8       1%          1
 Call Imp                 Summ           34%        N/A       1%          2
 Poisonous Vapours        Pois/Air       52%        N/A       1%          2
 Lesser Beckoning         Tloc           26%        N/A       1%          3
 Ozocubu's Armour         Ice            26%        N/A       1%          3
 Hailstorm                Conj/Ice       26%        3d7       4%          4
 Excruciating Wounds      Necr           13%        N/A       14%         5
 Iskenderun's Battlesphe  Conj           26%        2d8       14%         5
 Manifold Assault         Tloc           26%        N/A       14%         5
 Iron Shot                Conj/Erth      13%        9d3       61%         6
 Spellforged Servitor     Conj/Summ      15%        N/A       92%         7
 Ozocubu's Refrigeration  Ice            13%        4d7       99%         7


Dungeon Overview and Level Annotations

Branches:
Dungeon (11/15)            Temple (1/1) D:6            Lair (6/6) D:11
 Shoals (0/4) Lair:3        Snake (0/4) Lair:3          Orc (0/2) D:11
  IceCv (visited)
  Slime: Lair:5-6

Altars:
Ashenzari
Cheibriados
Dithmenos
Elyvilon
Fedhas
Gozag
Hepliaklqana
Kikubaaqudgha
Makhleb
Nemelex Xobeh
Okawaru
Qazlal
Ru
Sif Muna
Trog
Uskayaw
Vehumet
Wu Jian
Xom
Yredelemnul
Zin
The Shining One

Shops:
D:5 ?   D:8 :([!   D:9 [   D:11 [*(![

Annotations:
D:2 1 runed translucent door, Crazy Yiuf
D:5 exclusion: door
Lair:6 Rupert


Innate Abilities, Weirdness & Mutations

You are a tree.
Your roots penetrate the ground, keeping you stationary.
You cannot be teleported.
You are immune to unholy pain and torment.
Your maximum health is greatly increased.
Your equipment is partially melded.
Your life essence is reduced to manifest your ancestor. (-10% HP)
((You have very sharp teeth.))
Your uncanny sense of smell can sniff out nearby items.
Your experience applies equally to all skills.


Message History

The elephant trunk-slaps you but does no damage.
The elephant tramples you! The elephant trunk-slaps you.
The elephant tramples you but does no damage.
The elephant trunk-slaps you but does no damage.
Unknown command.
You slash the elephant! You burn the elephant.
The elephant is almost dead.
The elephant tramples you.
The elephant trunk-slaps you but does no damage.
The elephant tramples you!
* * * LOW HITPOINT WARNING * * *
The elephant trunk-slaps you but does no damage.
The elephant tramples you but does no damage.
The elephant trunk-slaps you but does no damage.
Unknown command.
You hit the elephant but do no damage.
The elephant is almost dead.
The elephant tramples you!
* * * LOW HITPOINT WARNING * * *
The elephant trunk-slaps you but does no damage.
The elephant tramples you!
* * * LOW HITPOINT WARNING * * *
The elephant trunk-slaps you but does no damage.
The elephant tramples you but does no damage.
The elephant trunk-slaps you but does no damage.
Unknown command.
You slash the elephant! You burn the elephant.
You kill the elephant!
The elephant tramples you but does no damage.
The elephant trunk-slaps you but does no damage.
The elephant tramples you but does no damage.
The elephant trunk-slaps you but does no damage.
Unknown command.
You barely miss the molten gargoyle. The elephant tramples you!
* * * LOW HITPOINT WARNING * * *
The elephant trunk-slaps you.
* * * LOW HITPOINT WARNING * * *
The molten gargoyle blasts magma at you!
The bolt of magma hits you! You partially resist.
You die...

...P ...#
...# #
##...#.#
#.....#
#.....#
##†.=.##
##9Y....#
#♣#......#
#YY....###
##.....#
#P....#
###....#
...##
..... ...#


You could see 3 elephants and a molten gargoyle.

Vanquished Creatures
  8 hydras
  Harold (D:11)
  A two-headed ogre (D:6)
  A death yak (Lair:6)
  Sonja (D:11)
  A fire crab (Lair:4)
  A bog body (IceCv)
  A necromancer (IceCv)
  A cyclops (D:11)
  Maurice (D:10)
  6 black mambas
  11 elephants
  2 ice statues (IceCv)
  A torpor snail (Lair:6)
  5 komodo dragons
  9 cane toads
  4 anaconda simulacra (IceCv)
  3 rime drakes
  4 entropy weaver simulacra (IceCv)
  4 ice devils (IceCv)
  4 polar bears
  A hornet (D:9)
  6 blink frogs
  41 yaks
  4 wyverns
  3 basilisks
  2 steam dragons
  A hog (D:8)
  2 harpy simulacra (IceCv)
  3 nagas (Lair:3)
  2 acid dragons
  Duvessa (D:5)
  14 water moccasins
  An ice beast (D:8)
  5 centaurs
  15 wolves
  2 kobold brigands (D:5)
  7 bullfrogs
  A two-headed ogre simulacrum (IceCv)
  3 gnoll sergeants
  Dowan (D:5)
  4 killer bees (D:10)
  A howler monkey (D:11)
  A bullfrog zombie (D:7)
  5 centaur zombies
  An orc priest (D:3)
  5 jellies
  A centaur skeleton (D:5)
  A hound (D:6)
  Terence (D:2)
  Natasha (thrice) (D:2)
  3 hexers
  2 iguanas
  Ijyb (D:4)
  5 orc wizards
  4 hell rats (Lair:3)
  A hound zombie (D:5)
  A hound skeleton (D:3)
  2 howler monkey zombies (D:7)
  Robin (D:3)
  16 gnolls
  10 adders
  A shadow imp (D:7)
  2 white imps (IceCv)
  An ufetubus (IceCv)
  2 worms
  20 orcs
  6 ball pythons
  7 bats
  6 endoplasms
  5 giant cockroaches
  14 goblins
  8 hobgoblins
  4 jackals (D:4)
  9 kobolds
  3 quokkas
  14 frilled lizards
  3 rats
359 creatures vanquished.

Vanquished Creatures (collateral kills)
  Erica (D:8)
  A catoblepas (Lair:6)
  An ugly thing (IceCv)
  2 elephants
  2 black mambas (Lair:6)
  A cane toad (Lair:6)
  Psyche (D:11)
  Maggie (D:7)
  A rime drake (Lair:3)
  2 ice devils (IceCv)
  A troll (D:9)
  Sigmund (D:6)
  11 yaks
  A wraith (D:9)
  A basilisk (Lair:1)
  A steam dragon (Lair:4)
  Menkaure (D:7)
  2 acid dragons
  4 water moccasins
  An ice beast (D:7)
  An orc warrior (D:11)
  2 black bears
  An ogre (D:5)
  2 kobold brigands
  A bullfrog (Lair:1)
  2 scorpions
  A jelly (D:5)
  An orc priest (D:11)
  A hound (Lair:1)
  2 orc wizards
  8 gnolls
  An adder (D:6)
  A worm (D:2)
  5 orcs
  A giant cockroach (D:1)
  2 goblins
  A bat (D:1)
  3 kobolds (D:5)
73 creatures vanquished.

Vanquished Creatures (others)
  14 hexers
  34 fungi
  41 plants
  8 toadstools (D:5)
97 creatures vanquished.

Grand Total: 529 creatures vanquished

Notes
Turn   | Place    | Note
-------+----------+-------------------------------------------
     0 | D:5      | Reached skill level 9 in Stealth
     0 | D:5      | lawman0 the Gnoll Delver began the quest for the Orb.
     0 | D:5      | Reached XP level 1. HP: 23/23 MP: 1/1
   213 | D:4      | Noticed Ijyb
   366 | D:4      | Reached XP level 2. HP: 29/29 MP: 2/2
   399 | D:4      | Noticed a wight
   399 | D:4      | Noticed a wight
   445 | D:4      | Noticed a wight
   455 | D:4      | Noticed a wight
   472 | D:4      | Reached skill level 1 in Invocations
   472 | D:4      | Reached XP level 3. HP: 35/35 MP: 2/4
   592 | D:4      | Reached skill level 1 in Short Blades
   592 | D:4      | Reached skill level 1 in Axes
   592 | D:4      | Reached skill level 1 in Maces & Flails
   592 | D:4      | Reached skill level 1 in Polearms
   592 | D:4      | Reached skill level 1 in Staves
   592 | D:4      | Reached skill level 1 in Slings
   592 | D:4      | Reached skill level 1 in Bows
   592 | D:4      | Reached skill level 1 in Crossbows
   592 | D:4      | Reached skill level 1 in Throwing
   592 | D:4      | Reached skill level 1 in Armour
   592 | D:4      | Reached skill level 1 in Shields
   592 | D:4      | Reached skill level 1 in Unarmed Combat
   592 | D:4      | Reached skill level 1 in Spellcasting
   592 | D:4      | Reached skill level 1 in Evocations
   611 | D:4      | Reached XP level 4. HP: 34/41 MP: 5/5
   706 | D:4      | Reached skill level 1 in Conjurations
   706 | D:4      | Reached skill level 1 in Hexes
   706 | D:4      | Reached skill level 1 in Summonings
   706 | D:4      | Reached skill level 1 in Necromancy
   706 | D:4      | Reached skill level 1 in Translocations
   706 | D:4      | Reached skill level 1 in Transmutations
   706 | D:4      | Reached skill level 1 in Fire Magic
   706 | D:4      | Reached skill level 1 in Ice Magic
   706 | D:4      | Reached skill level 1 in Air Magic
   706 | D:4      | Reached skill level 1 in Earth Magic
   706 | D:4      | Reached skill level 1 in Poison Magic
   804 | D:4      | Found a shimmering blue altar of Sif Muna.
   976 | D:3      | Found a snail-covered altar of Cheibriados.
  1000 | D:3      | Found an ornate altar of the Wu Jian Council.
  1015 | D:3      | Noticed Robin
  1049 | D:3      | Found a bloodstained altar of Trog.
  1083 | D:3      | Reached XP level 5. HP: 32/47 MP: 6/6
  1228 | D:5      | Found Anwunaco's Magic Scroll Shop.
  1239 | D:5      | Bought a scroll of teleportation for 39 gold pieces
  1239 | D:5      | Bought a scroll of noise for 13 gold pieces
  1286 | D:6      | Noticed a two-headed ogre
  1308 | D:6      | Found a staircase to the Ecumenical Temple.
  1316 | D:6      | sick
  1319 | Temple   | Entered the Ecumenical Temple
  1386 | Temple   | Became a worshipper of Hepliaklqana the Forgotten
  1586 | D:6      | Noticed a centaur
  1675 | D:3      | Killed Robin
  2084 | D:3      | Reached * piety under Hepliaklqana
  2143 | D:3      | Reached XP level 6. HP: 47/47 MP: 8/8
  2631 | D:2      | Noticed Natasha
  2650 | D:2      | Killed Natasha
  2763 | D:2      | Noticed Terence
  2774 | D:2      | Killed Terence
  2775 | D:2      | Reached skill level 5 in Long Blades
  2775 | D:2      | Reached skill level 5 in Dodging
  2908 | D:2      | Found a faded altar of an unknown god.
  3588 | D:2      | Noticed Natasha
  3595 | D:2      | Killed Natasha
  3779 | D:2      | Found a runed translucent door.
  3780 | D:2      | Noticed Crazy Yiuf
  3799 | D:2      | Noticed Natasha
  3810 | D:2      | Killed Natasha
  3898 | D:1      | Reached ** piety under Hepliaklqana
  3899 | D:1      | Remembered your ancestor Sofian as a hexer
  4690 | D:4      | Killed Ijyb
  4755 | D:5      | Reached XP level 7. HP: 53/53 MP: 10/10
  4809 | D:5      | Noticed Duvessa
  4809 | D:5      | Noticed Dowan
  4819 | D:5      | Killed Dowan
  4826 | D:5      | Killed Duvessa
  5373 | D:5      | Reached skill level 10 in Stealth
  5551 | D:5      | Reached XP level 8. HP: 60/60 MP: 12/12
  5773 | D:5      | Noticed a slime creature
  5773 | D:5      | Noticed a slime creature
  5773 | D:5      | Noticed a slime creature
  6217 | D:6      | Noticed Sigmund
  6225 | D:6      | Killed Sigmund
  6226 | D:6      | oh
  6365 | D:6      | sick
  6669 | D:6      | Reached *** piety under Hepliaklqana
  6810 | D:6      | Reached XP level 9. HP: 64/64 MP: 14/14
  7067 | D:6      | Killed a two-headed ogre
  7280 | D:7      | Reached skill level 5 in Summonings
  7439 | D:7      | Noticed Menkaure
  7449 | D:7      | Killed Menkaure
  7458 | D:7      | Noticed Maggie
  7733 | D:7      | Found an iron altar of Okawaru.
  7751 | D:7      | Killed Maggie
  7752 | D:7      | Reached skill level 5 in Invocations
  7780 | D:7      | Found a basalt altar of Yredelemnul.
  7781 | D:7      | Found a broken altar of Ashenzari.
  8017 | D:8      | Reached XP level 10. HP: 72/72 MP: 17/17
  8123 | D:8      | Found Caquf's Armour Shoppe.
  8123 | D:8      | Found Boxiq's Distillery.
  8128 | D:8      | Found Vaikurgho's Book Shoppe.
  8130 | D:8      | GONG
  8130 | D:8      | GONG
  8131 | D:8      | Found Ilaez's Antique Weapon Shoppe.
  8134 | D:8      | Identified the +1 ring mail of a sewer {*Corrode rC+ Int+4}
  8145 | D:8      | Bought a slimy hunting sling for 169 gold pieces
  8145 | D:8      | Identified the +1 hunting sling "Buure" {freeze, rPois}
                  | (You bought it in a shop on level 8 of the Dungeon)
  8145 | D:8      | boo
  8148 | D:8      | oot
  8157 | D:8      | Bought a potion of curing for 39 gold pieces
  8157 | D:8      | Bought a potion of mutation for 104 gold pieces
  8302 | D:8      | Reached skill level 5 in Short Blades
  8302 | D:8      | Reached skill level 5 in Axes
  8302 | D:8      | Reached skill level 5 in Maces & Flails
  8302 | D:8      | Reached skill level 5 in Polearms
  8302 | D:8      | Reached skill level 5 in Staves
  8302 | D:8      | Reached skill level 5 in Slings
  8302 | D:8      | Reached skill level 5 in Bows
  8302 | D:8      | Reached skill level 5 in Crossbows
  8302 | D:8      | Reached skill level 5 in Throwing
  8302 | D:8      | Reached skill level 5 in Armour
  8302 | D:8      | Reached skill level 5 in Shields
  8302 | D:8      | Reached skill level 5 in Unarmed Combat
  8302 | D:8      | Reached skill level 5 in Spellcasting
  8302 | D:8      | Reached skill level 5 in Evocations
  8578 | D:8      | Found a white marble altar of Elyvilon.
  8584 | D:8      | Noticed Erica
  8591 | D:8      | Killed Erica
  8592 | D:8      | Reached skill level 11 in Stealth
  8895 | D:9      | Found Ciral's Armour Shoppe.
  9000 | D:9      | oh
  9085 | D:9      | Identified the +5 long sword of the Wizarding Dove {vorpal,
                  | +Blink rF- SInv}
  9101 | D:9      | Found a radiant altar of Vehumet.
  9258 | D:9      | Reached XP level 11. HP: 62/78 MP: 19/19
  9347 | D:9      | Reached **** piety under Hepliaklqana
  9377 | D:9      | Reached skill level 5 in Conjurations
  9377 | D:9      | Reached skill level 5 in Hexes
  9377 | D:9      | Reached skill level 5 in Necromancy
  9377 | D:9      | Reached skill level 5 in Translocations
  9377 | D:9      | Reached skill level 5 in Transmutations
  9377 | D:9      | Reached skill level 5 in Fire Magic
  9377 | D:9      | Reached skill level 5 in Ice Magic
  9377 | D:9      | Reached skill level 5 in Air Magic
  9377 | D:9      | Reached skill level 5 in Earth Magic
  9377 | D:9      | Reached skill level 5 in Poison Magic
  9390 | D:9      | Learned a level 4 spell: Olgreb's Toxic Radiance
  9677 | D:10     | Entered Level 10 of the Dungeon
  9901 | D:10     | Learned a level 5 spell: Agony
 10114 | D:10     | Noticed Maurice
 10124 | D:10     | Killed Maurice
 10355 | D:11     | Noticed Psyche
 10395 | D:11     | Found a staircase to the Lair.
 10520 | D:11     | Noticed a cyclops
 10530 | D:11     | Killed a cyclops
 10566 | D:11     | Noticed Harold
 10586 | D:11     | Killed Harold
 10837 | D:11     | Found Miku's General Store.
 10851 | D:11     | Bought a potion of curing for 48 gold pieces
 10851 | D:11     | Bought a potion of heal wounds for 80 gold pieces
 10851 | D:11     | Bought a potion of curing for 48 gold pieces
 10880 | D:11     | Found a staircase to the Orcish Mines.
 10883 | D:11     | Found Maugepe's Antique Weapon Emporium.
 10927 | D:11     | Killed Psyche
 11126 | D:11     | Found Fostriow's Antique Armour Emporium.
 11148 | D:11     | Bought a pair of glowing gloves for 195 gold pieces
 11290 | D:11     | Noticed Sonja
 11299 | D:11     | Killed Sonja
 11332 | D:11     | Found Zoesyagh's Antique Armour Boutique.
 11343 | D:11     | Found Loczuph's Distillery.
 11351 | D:11     | Bought a potion of might for 56 gold pieces
 11582 | D:11     | Learned a level 3 spell: Frozen Ramparts
 11607 | Lair:1   | Entered Level 1 of the Lair of Beasts
 11614 | Lair:1   | Upgraded the game from 0.28-a0-657-g71136c5590 to
                  | 0.28-a0-662-g1651b1f1e0
 11958 | Lair:1   | Reached ***** piety under Hepliaklqana
 12197 | Lair:1   | Reached XP level 12. HP: 82/86 MP: 20/22
 13363 | Lair:2   | Noticed a seven-headed hydra
 13424 | Lair:2   | Killed a five-headed hydra
 13425 | Lair:2   | Reached skill level 12 in Stealth
 13896 | Lair:3   | Found a staircase to the Shoals.
 13919 | Lair:3   | Reached skill level 10 in Fighting
 13977 | Lair:3   | Found a frozen archway.
 13995 | IceCv    | Entered an ice cave
 14535 | IceCv    | Reached XP level 13. HP: 75/92 MP: 24/24
 15430 | Lair:3   | Found a staircase to the Snake Pit.
 15449 | Lair:3   | Found a shadowy altar of Dithmenos.
 16323 | D:8      | Bought a book of Minor Magic for 234 gold pieces
 16470 | Lair:4   | oh
 17229 | Lair:4   | Reached skill level 10 in Summonings
 17751 | Lair:5   | Reached ****** piety under Hepliaklqana
 18449 | Lair:5   | Learned a level 2 spell: Blink
 18469 | Lair:6   | Entered Level 6 of the Lair of Beasts
 18661 | Lair:6   | Learned a level 3 spell: Mephitic Cloud
 18686 | Lair:6   | Reached skill level 10 in Long Blades
 18686 | Lair:6   | Reached skill level 10 in Dodging
 18948 | Lair:6   | Reached XP level 14. HP: 101/101 MP: 23/26
 19170 | Lair:6   | Reached skill level 13 in Stealth
 19414 | Lair:6   | Noticed Rupert
 19471 | Lair:6   | Reached skill level 10 in Invocations
 19510 | Lair:6   | Killed from afar by a molten gargoyle

Illustrated notes ..##......####.# .......#### #.# ....#### #.# ...## #.# ∆ #.## #.# ∆ #.# ###.### #.# ###.....# #+# .........# ... ####.#..@# .... #.#>..# ..... ......# ...... #...##..# ......+ .... .... ......# #.. ....# .. ...## #### Turn 1316 on D:6: sick ..... ).. .. #R# #.# #.# #.# #.# #####.# ##'## .....# ##...## # ###..#### ##.....## #.#.......###...@...# #.#.#..)#.##.........# #.....)).).'.........+ ###.#...#.##.........# #.#..##.###.......## #.......# ##.....## ###.##### ##...## #.# ##+## #.# #.########### Turn 6226 on D:6: oh ###.##.####...## ###.#...##.....# ...............# ###.#...##.....##### ###.##.####........# ....##.# #...####.# ######.# ##### #.# ##'## #####.##### ##...## #..@R.....# ##.....## #.........# ##.†.....# #...#.###.# ##.........# #.....# # .'.........+..)....# ##.........###...... R##.......## #.#.... #.##.....## #.##...# R####...## Turn 6365 on D:6: sick ...).).....#.##.# #.###.####### #########.##.# .# # # #.......# #.##.. . .# #######.# #....♣. ♣.# #.# ##.#..#. #.[### ####(## #.#.♣.♣.♣.♣... #...... #.#..∩.#.∩..∆ #.##.## #.#.♣.♣.♣.♣ #. #.## ....#.@.# #. #.## #.♣.♣R♣.♣... #. #.## #.........# #.#.#.# ##..####### #..###R #.## #.## ## #.########### ##.###. #.##[.......# #..#R# #.#.....###.# #.#.## #.......###.####.### Turn 8130 on D:8: GONG

..##...##......##########.#
..#######...........#####.#
..##[..##......####.....[.#
..#).8..#.......# ##......#
...).).....#.##.#
#.###.#######
#########.##.##.####.#
#.......# #.##.........#
#######.# #....♣.♣.♣.♣.#
#.# ##.#..#.@.#.[###
####(## #.#.♣.♣R♣.♣...#
#...... #.#..∩.#.∩....#
#.##.## #.#.♣.♣.♣.♣...# #.
#.## ....#.∩.#....# #. #.##
###.♣.♣.♣.♣...# #. #.##
#.........### #.#.#.#
##..####### #..###R #.##
#.## ##


Turn 8145 on D:8: boo ....##[..##......####.....[.# #...#).8..#.......#
##......# #....).).....#.##.# #.###.###### ###########.##.##.####.# #.......
#.##.........# #######. #....♣.♣.♣.♣.# #. ##.#..#.∩.#.[### ####( #.#.♣.♣.♣.♣...#
#.... #.#..@R#.∩....# #.##. #.#.♣.♣.♣.♣...# #. #. ....#.∩.#....# #. #.
###.♣.♣.♣.♣...# #. #. #.........### #.#.# ##..####### #..## #.## #.##
#.########### ##.## #.##[.......# #..# Turn 8148 on D:8: oot
...................# #.............#..... ##.......#...........
.........#..!..#...## #........8.......... .#...................
........<...8........ .........)).))....... .#...8...@R).8......
....##)#....)........ ... ###8...>........ . #.........$..... ......8..........
......##.......... ......###(........ ....... ....[..(.. .. ......$.! Turn 9000
on D:9: oh ......... ∆ ....... ....... ..... #...# #...# ##...# #..@.#
.....#.R..# ##. #....## #...... ###...## ....# ..... ∆ ...... Turn 16470 on
Lair:4: oh

Levels and vault maps discovered:
D:1:      scummos_arrival_forest, layout_basic
D:2:      layout_loops_ring, chequers_ecumenical_altar_simple,
          grunt_decor_arrowhead, grunt_ministairs_15, minmay_misc_feat_tower,
          uniq_natasha, uniq_terence, uniq_crazy_yiuf_cottage
D:3:      layout_basic, old_standard_altar, mainiacjoe_overflow_tiny_flanked,
          lemuel_doored_altar, chequers_jeans, small_statue_intersection,
          minmay_lizard_king, uniq_robin
D:4:      layout_cave_pools, lemuel_blue_sif_altar,
          corexii_mini_fake_secret_closet, minmay_misc_feat_alley,
          chequers_serial_rivers_micro_d, amcnicky_mini_rare_corridor_liquid,
          hex_large, fountainhead, uniq_ijyb
D:5:      cheibrodos_fertilizer, layout_basic, serial_shops,
          nicolae_lakefront_shop, uniq_duvessa
D:6:      black_bear_nest_1, layout_loops_corners, uniq_sigmund
D:7:      layout_loops_ring, minitemple, uniq_maggie, uniq_menkaure
D:8:      layout_loops_cross, elyvilon_altar_5, minmay_shop_grid_forest,
          mrwooster_statue_mirror, st_stairs_4, uniq_erica
D:9:      layout_cave_pools, overflow_temple_1_default,
          chequers_serial_rivers_small_b, nicolae_stop_n_shop_1
D:10:     layout_gridville, uniq_maurice
D:11:     layout_loops_ring, lair_entry_dummy, david_orc_3, serial_shops,
          nicolae_diamond_shop, kennysheep_mini, shop, nicolae_shop_waterfront,
          nicolae_shop_trees, nicolae_sextant, uniq_sonja, uniq_harold,
          uniq_psyche
Temple:   dshaligram_water_room_temple
Lair:1:   beast_lair_carwin_large_2, layout_small_grid,
          chequers_serial_rivers_small_3
Lair:2:   layout_regular_city
Lair:3:   layout_loops_ring, shoals_dummy_entry, guppyfry_snake_entry_garden,
          basic_altar, portal_ice_cave_rime, cheibrodos_lair_lostbears
Lair:4:   layout_regular_city, st_stairs_11
Lair:5:   layout_gridlike, columned_hall_lemuel, grunt_megastairs_3,
          lemuel_fruit_tree
Lair:6:   cheibrodos_lair_end_hotspot, layout_cellular_growth,
          minmay_slime_entry_oklob_enclosed, st_stairs_10, uniq_rupert

Skill      XL: |  1  2  3  4  5  6  7  8  9 10 11 12 13 14 |
---------------+-------------------------------------------+-----
Stealth        | 10 11 12 13 | 13.1
Invocations    | 1 2 3 4 5 6 7 8 9 10 | 10.1
Short Blades   | 1 2 3 4 5 6 7 8 9 |  9.2
Axes           | 1 2 3 4 5 6 7 8 9 |  9.2
Maces & Flails | 1 2 3 4 5 6 7 8 9 |  9.2
Polearms       | 1 2 3 4 5 6 7 8 9 |  9.2
Staves         | 1 2 3 4 5 6 7 8 9 |  9.2
Slings         | 1 2 3 4 5 6 7 8 9 |  9.2
Bows           | 1 2 3 4 5 6 7 8 9 |  9.2
Crossbows      | 1 2 3 4 5 6 7 8 9 |  9.2
Throwing       | 1 2 3 4 5 6 7 8 9 |  9.2
Armour         | 1 2 3 4 5 6 7 8 9 |  9.2
Shields        | 1 2 3 4 5 6 7 8 9 |  9.2
Unarmed Combat | 1 2 3 4 5 6 7 8 9 |  9.2
Spellcasting   | 1 2 3 4 5 6 7 8 9 |  9.2
Evocations     | 1 2 3 4 5 6 7 8 9 |  9.2
Conjurations   | 1 2 3 4 5 6 7 |  7.7
Hexes          | 1 2 3 4 5 6 7 |  7.7
Summonings     | 1 2 3 4 5 6 8 9 10 | 10.9
Necromancy     | 1 2 3 4 5 6 7 |  7.7
Translocations | 1 2 3 4 5 6 7 |  7.7
Transmutations | 1 2 3 4 5 6 7 |  7.7
Fire Magic     | 1 2 3 4 5 6 7 |  7.7
Ice Magic      | 1 2 3 4 5 6 7 |  7.7
Air Magic      | 1 2 3 4 5 6 7 |  7.7
Earth Magic    | 1 2 3 4 5 6 7 |  7.7
Poison Magic   | 1 2 3 4 5 6 7 |  7.7
Long Blades    | 5 6 7 8 9 10 | 10.3
Dodging        | 5 6 7 8 9 10 | 10.3
Fighting       | 7 8 9 10 11 | 11.3

Action                   |  1- 3 |  4- 6 |  7- 9 | 10-12 | 13-15 || total
-------------------------+-------+-------+-------+-------+-------++-------
Melee: Falchion          |     9 |       |       |       |       ||     9
       Long sword        |    40 |   241 |   137 |    53 |       ||   471
       Bite              |     7 |    17 |    19 |    49 |    37 ||   129
       Punch             |       |     1 |     4 |    20 |    16 ||    41
       Scimitar          |       |       |       |   336 |   261 ||   597
 Fire: Hunting sling     |       |     9 |   115 |    31 |     1 ||   156
Throw: Boomerang         |       |     4 |     2 |    36 |    32 ||    74
 Cast: Olgreb's Toxic Ra |       |       |       |     6 |    17 ||    23
       Frozen Ramparts   |       |       |       |    15 |    30 ||    45
       Mephitic Cloud    |       |       |       |       |     2 ||     2
       Agony             |       |       |       |       |     1 ||     1
Invok: Ancestor Life: He |       |     1 |       |       |       ||     1
       Recall Ancestor   |       |       |       |       |     2 ||     2
       Idealise          |       |       |       |       |     1 ||     1
Evoke: Wand              |       |       |     2 |    21 |     1 ||    24
       Lightning rod     |       |       |       |       |     4 ||     4
  Use: Scroll            |     3 |     9 |     3 |     7 |     6 ||    28
       Potion            |       |       |     3 |     4 |     7 ||    14
 Stab: Sleeping          |     3 |    32 |     4 |    12 |    12 ||    63
       Distracted        |       |     3 |     1 |     8 |     6 ||    18
       Confused          |       |       |     5 |    12 |     4 ||    21
Armor: Leather armour    |    20 |   138 |    91 |   196 |   127 ||   572
       Skin              |       |       |     6 |       |    49 ||    55
Dodge: Dodged            |    38 |   189 |   115 |   337 |   226 ||   905

Table legend: (Time is in decaauts)
 A = Elapsed time spent in this place.
 B = Non-inter-level travel time spent in this place.
 C = Inter-level travel time spent in this place.
 D = Time resting spent in this place.
 E = Time spent auto-exploring this place.
 F = Levels seen in this place.
 G = Mean time per level.
                   A        B        C        D        E       F      G
               +--------+--------+--------+--------+--------+-----+--------+
         Total |  19534 |  18600 |    934 |   2593 |  11685 |  19 | 1028.1 |
       Dungeon |  11605 |  10993 |    612 |    672 |   7617 |  11 | 1055.0 |
        Temple |    197 |    167 |     30 |      0 |     99 |   1 |  197.0 |
          Lair |   6375 |   6084 |    291 |   1030 |   3969 |   6 | 1062.5 |
      Ice Cave |   1356 |   1356 |      0 |    891 |      0 |   1 | 1356.0 |
               +--------+--------+--------+--------+--------+-----+--------+

Top non-repeatable levels by time:
     D:5: 1512 daAuts
   IceCv: 1356 daAuts
     D:3: 1294 daAuts
    D:11: 1274 daAuts
     D:2: 1267 daAuts
     D:4: 1231 daAuts
  Lair:1: 1211 daAuts
     D:6: 1145 daAuts
  Lair:4: 1124 daAuts
  Lair:2: 1117 daAuts
     D:8: 1061 daAuts
  Lair:5: 1032 daAuts
  Lair:3: 1024 daAuts
  Lair:6: 863 daAuts
     D:9: 824 daAuts
